Unix NetHack Version 3.7.0-89 Work-in-progress - last build Sep 24 2023 19:26:52 (48e034876007844a536bf88644040a71d2893410,branch:master). Game began 2023-09-30 08:42:33, ended 2023-09-30 09:01:36. torpedojuice, neutral male human Caveman --- -..-- |......| |....*.| --...--:| --)...--@| -----|..-#%.Z[| .....*|.-----..-- -##--...| --|.*.-- -.....*.| |.|....| ..------ |.....-- ---(-- |.| Torpedojuice the Aborigine St:18/02 Dx:15 Co:15 In:8 Wi:9 Ch:9 Neutral Dlvl:5 $:32 HP:0(39) Pw:23(23) AC:4 Xp:5 T:2590 Hungry Latest messages: You remember this level as locked chest. There is a branch staircase up to the Dungeons of Doom here. You see here a gnome corpse. The hobbit thrusts his runed dagger. The hobbit hits! You hear some noises. You hit the hobbit! The hobbit thrusts his runed dagger. The hobbit hits! You hear some noises in the distance. You hear some noises. Subwoofer bites it. It bites Subwoofer. You stop. Subwoofer is in the way! Subwoofer bites it. You swap places with Subwoofer. The gecko misses! Subwoofer misses the green mold. What do you want to zap? [G or ?*] In what direction? The sleep ray hits the giant ant. The sleep ray hits it. The sleep ray hits it. You hear a chugging sound. The gecko misses! The giant ant bites! Subwoofer bites the green mold. Subwoofer is splashed by the green mold's acid! The giant ant bites! Subwoofer bites it. It misses Subwoofer. You hit the human zombie! Subwoofer bites it. You hit the human zombie! You hit the human zombie! The newt bites! You hit the leprechaun! The leprechaun just misses! You hit the leprechaun! The leprechaun misses! The human zombie hits! The newt misses! Are you sure you want to pray? [yn] (n) You begin praying to Ishtar. The leprechaun hits! Your purse feels lighter. The leprechaun vanishes! The human zombie hits! You die... Do you want your possessions identified? [ynq] (y) Inventory: Coins $ - 32 gold pieces Weapons a - an uncursed +1 club (weapon in hand) k - an uncursed +0 orcish dagger w - a blessed +2 sling (alternate weapon; not wielded) K - a blessed +2 orcish dagger U - a cursed -2 dwarvish short sword V - an uncursed +0 aklys Armor B - an uncursed +0 elven mithril-coat (being worn) F - an uncursed +0 orcish helm (being worn) M - a cursed -2 orcish helm N - an uncursed +0 dwarvish iron helm O - an uncursed +0 pair of iron shoes P - an uncursed +0 dwarvish cloak Comestibles i - 2 uncursed food rations D - an uncursed fortune cookie Wands G - an uncursed wand of sleep (0:6) Gems/Stones q - 14 uncursed rocks Q - 16 uncursed flint stones (in quiver pouch) Torpedojuice the Caveman's attributes: Background: You were an Aborigine, a level 5 human Caveman. You were neutral, on a mission for Ishtar who was opposed by Anu (lawful) and Anshar (chaotic). You were in the Gnomish Mines, on level 5. You entered the dungeon 2590 turns ago. There was a full moon in effect when your adventure ended. You had 298 experience points, 22 more were needed to attain level 6. Basics: You had 0 out of 39 hit points. You had all 23 energy points (spell power). Your armor class was 4. Your wallet contained 32 zorkmids. Autopickup was off. Final Characteristics: Your strength was 18/02 (limit:18/100). Your dexterity was 15 (limit:18). Your constitution was 15 (limit:18). Your intelligence was 8 (limit:18). Your wisdom was 9 (limit:18). Your charisma was 9 (limit:18). Final Status: You were hungry. You were unencumbered. You were wielding a club. You had basic skill with club. Final Attributes: You were piously aligned. You were telepathic. You were guarded. You were lucky. You are dead. Miscellaneous: You never encountered a bones level. Total elapsed playing time was 19 minutes and 3 seconds. Major events: Turn 1: torpedojuice the neutral human Caveman entered the dungeon 828: attained the rank of Aborigine (level 3) 942: read a Discworld novel 2011: entered the Gnomish Mines 2590: killed by a human zombie, while praying Vanquished creatures: a small mimic a rock piercer 3 gnome leaders 4 giant ants a little dog 2 floating eyes 2 dwarves a homunculus a kobold leader 7 hill orcs a rabid rat 2 orc zombies an acid blob 3 hobbits a large kobold a hobgoblin 2 giant rats a yellow mold 10 gnomes 2 geckos 2 jackals 2 foxes a kobold a goblin a sewer rat 7 grid bugs a bat 3 lichens 5 newts 70 creatures vanquished. No species were genocided or became extinct. Voluntary challenges: You read items or engraved 1 time. You never engraved Elbereth. You never genocided any monsters. You never polymorphed an object. You never changed form. You used no wishes. Achievements: You entered a shop. You attained the rank of Aborigine. You read from a Discworld novel. You entered the Gnomish Mines. The Dungeons of Doom: levels 1 to 5 Level 1: "fake bones" Level 2: "? store" A scroll shop, a fountain. Level 3: Many fountains. Level 4: "sell stash > VAULT" A fountain. Stairs down to The Gnomish Mines. Level 5: A fountain. The Gnomish Mines: Level 5: "locked chest" <- You were here. Final resting place for you, killed by a human zombie, while praying. Game over: ---------- / \ / REST \ / IN \ / PEACE \ / \ | torpedojuice | | 32 Au | | killed by a | | human zombie | | | | | | 2023 | *| * * * | * _________)/\\_//(\/(/\)/\//\/|_)_______ Goodbye torpedojuice the Caveman... You died in The Gnomish Mines on dungeon level 5 with 1431 points, and 32 pieces of gold, after 2590 moves. You were level 5 with a maximum of 39 hit points when you died.